 Dungeon Crawl Stone Soup version 0.24-a0-291-g79c1ce7 (webtiles) character file.

Game seed: 6863142913117296760

270 Mgcat the Skirmisher (level 6, -1/49 HPs)
             Began as a Mummy Monk on May 9, 2019.
             Splashed by a jelly's acid (10 damage)
             ... on level 3 of the Dungeon.
             The game lasted 00:18:36 (6837 turns).

Mgcat the Skirmisher (Mummy Monk)                   Turns: 6837, Time: 00:18:36

Health: -1/49      AC: -5    Str: 15    XL:     6   Next: 1%
Magic:  6/6        EV: 13    Int: 10    God:
Gold:   89         SH:  0    Dex: 15    Spells: 5/5 levels left

rFire    . . .     SeeInvis .     - Unarmed
rCold    . . .     Gourm    .   (no shield)
rNeg     + + +     Faith    .   (no armour)
rPois    ∞         Spirit   .   e - +2 hat
rElec    .         Reflect  .   (no cloak)
rCorr    .         Harm     .   (no gloves)
MR       .....                  a - +0 pair of boots
Stlth    ++........             (no amulet)
HPRegen  0.16/turn              d - ring of fire {rF+, rC-}
MPRegen  0.10/turn              (no ring)

@: corroded
A: no food or potions, fire vulnerability, cold resistance 1, negative energy
resistance 3, torment resistance, unbreathing
a: no special abilities


You were on level 3 of the Dungeon.
You were not hungry.

You visited 1 branch of the dungeon, and saw 5 of its levels.

You collected 89 gold pieces.

Inventory:

Armour
 a - a +0 pair of boots (worn)
   (You found it on level 1 of the Dungeon)
 e - a +2 hat (worn)
   (You found it on level 1 of the Dungeon)
Jewellery
 d - a ring of fire (left hand) {rF+, rC-}
   (You took it off an orc on level 3 of the Dungeon)
Scrolls
 b - 6 scrolls of identify
 f - 4 scrolls of remove curse
 g - a scroll of magic mapping {!r}


   Skills:
 + Level 4.7 Fighting
 - Level 2.4 Dodging
 - Level 3.0 Stealth
 - Level 4.0 Unarmed Combat


You had 5 spell levels left.
You didn't know any spells.
Your spell library contained the following spells:

 Spells                   Type           Power        Failure   Level  Hunger
 Confusing Touch          Hex            #.....       36%         1    N/A
 Confuse                  Hex            #.......     75%         3    N/A
 Gell's Gravitas          Tloc           #.........   75%         3    N/A
 Petrify                  Tmut/Erth      #.......     98%         4    N/A
 Metabolic Englaciation   Hex/Ice        #.........   100%        5    N/A
 Yara's Violent Unravell  Hex/Tmut       #.........   100%        5    N/A

Dungeon Overview and Level Annotations

Branches:
Dungeon (5/15)
 Temple: D:4-7

Altars:
Fedhas
Ru

Annotations:
D:1 3 exclusions
D:2 exclusion: 4 doors
D:4 exclusions: hound, skeleton and 3 more exclusions, Menkaure


Innate Abilities, Weirdness & Mutations

You do not eat or drink.
Your flesh is vulnerable to fire.
You are immune to poison.
Your flesh is cold resistant. (rC+)
You are immune to negative energy. (rN+++)
You are immune to unholy pain and torment.
You can survive without breathing.


Message History

Unknown command.
Warning x2: The jelly can corrode equipment in melee!
The shadow imp can Animate Dead!
The orc closely misses you.
Things that are here:
a +0 leather armour; a +0 club Warning x2: The jelly can corrode equipment in melee!
The shadow imp can Animate Dead!
The shadow imp closely misses you.
Warning x2: The jelly can corrode equipment in melee!
The shadow imp can Animate Dead!
The shadow imp shouts, "Leave, thou villainous earth-vexing flim-flammer!"
Warning x2: The jelly can corrode equipment in melee!
The shadow imp can Animate Dead!
Warning x2: The jelly can corrode equipment in melee!
The shadow imp can Animate Dead!
Spoiler Alert: The shadow imp can Animate Dead!
Warning x2: The jelly can corrode equipment in melee!
The shadow imp can Animate Dead!
Warning x2: The jelly can corrode equipment in melee!
The shadow imp can Animate Dead!
Warning x2: The jelly can corrode equipment in melee!
The shadow imp can Animate Dead!
Warning x2: The jelly can corrode equipment in melee!
The shadow imp can Animate Dead!
You are too injured to fight recklessly!
Warning x2: The jelly can corrode equipment in melee!
The shadow imp can Animate Dead!
You are too injured to fight recklessly!
Warning x2: The jelly can corrode equipment in melee!
The shadow imp can Animate Dead!
You barely miss the shadow imp. The shadow imp closely misses you.
Warning x2: The jelly can corrode equipment in melee!
The shadow imp can Animate Dead!
You hit the shadow imp but do no damage.
The shadow imp barely misses you.
Warning x2: The jelly can corrode equipment in melee!
The shadow imp can Animate Dead!
You completely miss the shadow imp.
The shadow imp hits you but does no damage.
Warning x2: The jelly can corrode equipment in melee!
The shadow imp can Animate Dead!
You barely miss the shadow imp. The shadow imp barely misses you.
Warning x2: The jelly can corrode equipment in melee!
The shadow imp can Animate Dead!
You barely miss the shadow imp. The shadow imp barely misses you.
Warning x2: The jelly can corrode equipment in melee!
The shadow imp can Animate Dead!
You hit the shadow imp.
The shadow imp is moderately wounded.
The shadow imp closely misses you.
Warning x2: The jelly can corrode equipment in melee!
The shadow imp can Animate Dead!
You barely miss the shadow imp.
The shadow imp is moderately wounded.
The shadow imp hits you.
You take 5 damage, and have 25/43 hp.
Warning x2: The jelly can corrode equipment in melee!
The shadow imp can Animate Dead!
You hit the shadow imp. You punch the shadow imp.
The shadow imp is almost dead.
The shadow imp misses you.
Warning x2: The jelly can corrode equipment in melee!
The shadow imp can Animate Dead!
You barely miss the shadow imp.
The shadow imp is almost dead.
Warning x2: The jelly can corrode equipment in melee!
The shadow imp can Animate Dead!
You hit the shadow imp but do no damage.
The shadow imp is almost dead.
The shadow imp misses you.
Warning x2: The jelly can corrode equipment in melee!
The shadow imp can Animate Dead!
You closely miss the shadow imp.
The shadow imp is almost dead.
The shadow imp hits you.
You take 1 damage, and have 24/43 hp.
Warning x2: The jelly can corrode equipment in melee!
The shadow imp can Animate Dead!
You hit the shadow imp.
You kill the shadow imp!
Training target 4.0 for Unarmed Combat reached!
Your Unarmed Combat skill increases to level 4!
You have reached level 6!
Your experience leads to an increase in your attributes!
Increase (S)trength, (I)ntelligence, or (D)exterity?
You feel agile.
You regained 4 hp, and now have 28/49 hp.
MP restored: 6 Spoiler Alert: The jelly can corrode equipment in melee!
Unknown command.
Unknown command.
You see here a puce potion.
Things that are here:
a +0 chain mail; a +0 mace
There is a stone staircase leading up here.
Spoiler Alert: The jelly can corrode equipment in melee!
The jelly misses you.
You climb upwards.
There is a stone staircase leading down here.
You punch the jelly!
Your hands burn!
The jelly is moderately wounded.
The jelly barely misses you.
You take 1 damage, and have 31/49 hp.
Spoiler Alert: The jelly can corrode equipment in melee!
You hit the jelly.
Your hands burn!
The jelly is severely wounded.
The jelly closely misses you.
You take 1 damage, and have 30/49 hp.
You hit the jelly. The acid corrodes you!
Your hands burn!
The jelly is severely wounded.
The jelly hits you.
You are splashed with acid!
You take 15 damage, and have 15/49 hp.
MASSIVE DAMAGE!!
Spoiler Alert: The jelly can corrode equipment in melee!
You hit the jelly. The acid corrodes you!
Your hands burn!
* * * LOW HITPOINT WARNING * * *
You punch the jelly.
The jelly is almost dead.
The jelly hits you.
* * * LOW HITPOINT WARNING * * *
You are splashed with acid!
You die...

.................# ####.##
###...........#.###### #......
##.#.#######.........# #.##.##
..###....# #.%.#####.######.##.##
##.#)###.###...#.................
##.## #.......!.....######.##.##
#.# ######..................##
#.#########......).######......
#.............@J...# #######
###############.#.## #...# #####


You could see a jelly.

Vanquished Creatures
  2 orc priests
  A worker ant (D:4)
  4 adders
  A shadow imp (D:4)
  3 worms
  A dart slug (D:1)
  3 leopard geckos
  13 orcs
  5 ball pythons
  6 giant cockroaches
  13 goblins
  14 hobgoblins
  7 jackals
  2 quokkas (D:2)
  15 bats
  7 frilled lizards
  9 kobolds
  11 rats
117 creatures vanquished.

Notes
Turn   | Place    | Note
-------+----------+-------------------------------------------
     0 | D:1      | Mgcat the Mummy Monk began the quest for the Orb.
     0 | D:1      | Reached XP level 1. HP: 18/18 MP: 1/1
   264 | D:2      | Reached skill level 2 in Stealth
   466 | D:1      | Reached XP level 2. HP: 18/24 MP: 2/2
   966 | D:1      | Reached skill level 3 in Stealth
  1164 | D:1      | Reached XP level 3. HP: 29/29 MP: 3/3
  2781 | D:2      | Reached XP level 4. HP: 27/35 MP: 4/4
  3166 | D:2      | Reached skill level 3 in Unarmed Combat
  3519 | D:3      | HP: 5/37 [orc priest/divine providence (11)]
  3520 | D:3      | HP: 2/37 [orc priest (3)]
  3735 | D:3      | Reached skill level 4 in Fighting
  3886 | D:3      | Reached XP level 5. HP: 42/42 MP: 5/5
  4499 | D:3      | Found a sacrificial altar of Ru.
  5831 | D:3      | You fall through a shaft!
  6068 | D:4      | Noticed Menkaure
  6127 | D:4      | Found a blossoming altar of Fedhas.
  6210 | D:4      | Noticed an ogre
  6465 | D:5      | Entered Level 5 of the Dungeon
  6478 | D:4      | HP: 6/43 [orc priest/+0 mace (5)]
  6480 | D:4      | HP: 2/43 [orc/+0 whip (1)]
  6808 | D:4      | Reached skill level 4 in Unarmed Combat
  6808 | D:4      | Reached XP level 6. HP: 28/49 MP: 6/6
  6837 | D:3      | HP: 12/49 [acid (3)]
  6837 | D:3      | Splashed by a jelly's acid

Levels and vault maps discovered:
D:1:      ncdulo_halloftheorcs, layout_basic, minmay_tromino_mix6
D:2:      layout_rooms, minmay_quadrilaterals
D:3:      layout_loops_ring, nicolae_ru_great_annihilating_truth, first_ration
D:4:      layout_rooms, minmay_misc_feat_tower, hex_tiny, fedhas_ov_isle_minmay,
          uniq_menkaure
D:5:      layout_loops_cross, serial_shops, kennysheep_little_box

Skill      XL: |  1  2  3  4  5 |
---------------+----------------+-----
Stealth        | 2 3 |  3.0
Unarmed Combat | 3 4 |  4.0
Fighting       | 4 |  4.7
Dodging        | |  2.4

Action                   |  1- 3 |  4- 6 || total
-------------------------+-------+-------++-------
Melee: Unarmed           |   270 |   373 ||   643
       Punch             |     5 |     9 ||    14
  Use: Scroll            |     4 |     4 ||     8
 Stab: Sleeping          |     2 |     8 ||    10
       Distracted        |     1 |       ||     1
       Paralysed         |       |     3 ||     3
       Invisible         |       |     1 ||     1
Armor: Robe              |     4 |       ||     4
       Skin              |    42 |    43 ||    85
Dodge: Dodged            |   146 |   251 ||   397

Table legend:
 A = Non-vault XP
 B = Vault XP
 C = Vault XP percentage of total XP
 D = Non-vault monster count
 E = Vault monster count
 F = Vault count percentage of total count
                 A         B        C        D         E       F
            +---------+---------+-------+---------+---------+-------
      Total |     370 |      17 |   4.4 |     106 |      11 |   9.4
            +---------+---------+-------+---------+---------+-------
        D:1 |      59 |       5 |   7.8 |      35 |       4 |  10.3
        D:2 |      67 |       5 |   6.9 |      29 |       3 |   9.4
        D:3 |     137 |       7 |   4.9 |      31 |       4 |  11.4
        D:4 |     107 |       0 |   0.0 |      11 |       0 |   0.0
            +---------+---------+-------+---------+---------+-------

Levels and vault maps discovered:
D:1:      ncdulo_halloftheorcs, layout_basic, minmay_tromino_mix6
D:2:      layout_rooms, minmay_quadrilaterals
D:3:      layout_loops_ring, nicolae_ru_great_annihilating_truth, first_ration
D:4:      layout_rooms, minmay_misc_feat_tower, hex_tiny, fedhas_ov_isle_minmay,
          uniq_menkaure
D:5:      layout_loops_cross, serial_shops, kennysheep_little_box

Table legend:
 A = Turns spent in this place as a percentage of turns spent in the entire game.
 B = Non-inter-level travel turns spent in this place as a percentage of non-inter-level travel turns spent in the entire game.
 C = Inter-level travel turns spent in this place as a percentage of turns spent in this place.
 D = Turns resting spent in this place as a percentage of non-inter-level travel turns spent in this place.
 E = Turns spent auto-exploring this place as a percentage of non-inter-level travel turns spent in this place.
 F = Non-inter-level travel turns spent in this place divided by the number of levels of this place that you've seen.
                   A       B       C       D       E      F
               +-------+-------+-------+-------+-------+----------------------
         Total | 100.0 | 100.0 |   2.4 |  50.7 |  23.0 | 1334.2
       Dungeon | 100.0 | 100.0 |   2.4 |  50.7 |  23.0 | 1334.2
               +-------+-------+-------+-------+-------+----------------------

Table legend:
 A = Kills in this place as a percentage of kills in entire the game.
 B = Kills by you in this place as a percentage of kills by you in the entire game.
 C = Kills by friends in this place as a percentage of kills by friends in the entire game.
 D = Other kills in this place as a percentage of other kills in the entire game.
 E = Experience gained in this place as a percentage of experience gained in the entire game.
 F = Experience gained in this place divided by the number of levels of this place that you have seen.
                   A       B       C       D       E      F
               +-------+-------+-------+-------+-------+----------------------
         Total | 100.0 | 100.0 |   N/A |   N/A | 100.0 |  77.4
       Dungeon | 100.0 | 100.0 |   N/A |   N/A | 100.0 |  77.4
               +-------+-------+-------+-------+-------+----------------------
